 Dungeon Crawl Stone Soup version 0.16-a0-621-gdc21f72 (webtiles) character file.

7985 PolkaDot the Cruncher (level 11, -9/72 HPs)
             Began as a Vampire Gladiator on Sept 17, 2014.
             Was a Priest of Ru.
             Mangled by a hill giant
             ... wielding a +0 giant club
              (28 damage)
             ... on Level 10 of the Dungeon.
             The game lasted 00:38:36 (9994 turns).

PolkaDot the Cruncher (Vampire Gladiator)           Turns: 9994, Time: 00:38:37

HP  -9/72        AC  6     Str 13 (14) XL: 11   Next:  4%
MP  12/12        EV 12     Int  5 (6)  God: Ru [***...]
Gold 347         SH  0     Dex 16 (17) Spells:  0 memorised, 10 levels left

rFire  . . .     SeeInvis +     a - +0 lajatang
rCold  + . .     Clarity  .     n - +2 leather armour "Prenanoj" {Int-2 Stlth--}
rNeg   . . .     rCorr    .     (no shield)
rPois  +         rRot     .     c - +0 helmet
rElec  .         Spirit   .     (no cloak)
SustAb .         Warding  .     (no gloves)
rMut   .         Stasis   .     (no boots)
Gourm  .                        (no amulet)
MR     +....                    v - ring of protection from cold
                                i - ring of poison resistance

@: regenerating very quickly, somewhat resistant to hostile enchantments,
extremely unstealthy
A: bottle blood, fangs 3, talons 1, see invisible, deterioration 1, dopey 1,
high mp 1, unbreathing, no stealth, hated by all, no air magic, no charms magic,
no necromancy magic, no poison magic, cannot use summoning magic, no
transmutations magic
a: Bottle Blood, Draw Out Power, Renounce Religion


You were on level 10 of the Dungeon.
You worshipped Ru.
Ru was most pleased with you.
You were almost alive.

You visited 2 branches of the dungeon, and saw 11 of its levels.

You collected 543 gold pieces.
You spent 196 gold pieces at shops.

Inventory:

Hand weapons
 a - a +0 lajatang (weapon)
Missiles
 d - 2 throwing nets (quivered)
Armour
 c - a +0 helmet (worn)
 n - the cursed +2 leather armour "Prenanoj" (worn) {Int-2 Stlth--}
   (You bought it in a shop on level 9 of the Dungeon)

   It affects your intelligence (-2).
   It makes you much less stealthy.
   It has a curse placed upon it.
Magical devices
 k - a wand of digging (13)
 m - a wand of cold (2)
 q - a wand of fireball (0)
 t - a wand of lightning (9) {unknown}
 w - a wand of slowing (16)
 D - a wand of confusion (8)
Scrolls
 e - 2 scrolls of blinking
 j - a scroll of silence {unknown}
 r - a scroll of recharging
 s - 3 scrolls of remove curse
 x - 3 scrolls of fog
 y - a scroll of magic mapping
Jewellery
 h - a cursed amulet of stasis
 i - a ring of poison resistance (left hand)
 o - a +3 ring of protection {unknown}
 v - a ring of protection from cold (right hand)
Potions
 f - a potion of agility
 g - 13 potions of coagulated blood {@*1}
 l - a potion of magic
 p - 2 potions of restore abilities
 u - a potion of flight
 B - 15 potions of blood {@*1}


   Skills:
 - Level 1.7 Fighting
 * Level 14.0 Staves
 - Level 1.5 Throwing
 - Level 3.2 Dodging


You had 10 spell levels left.
You didn't know any spells.

Dungeon Overview and Level Annotations

Branches:
Dungeon (10/15)            Temple (1/1) D:7             Orc (0/4) D:9
   Lair (0/8) D:8

Altars:
Ashenzari
Cheibriados
Dithmenos
Elyvilon
Fedhas
Gozag
Kikubaaqudgha
Makhleb
Nemelex Xobeh
Okawaru
Qazlal
Ru
Sif Muna
Trog
Vehumet
Xom
Yredelemnul
Zin
The Shining One

Shops:
D:7 %   D:9 [


Innate Abilities, Weirdness & Mutations

Your natural rate of healing is extremely fast.
You can bottle blood from corpses.
You have razor-sharp teeth.
You have supernaturally acute eyesight.
You can survive without breathing.
You cannot be stealthy.
You are hated by all.
You cannot study or cast Air magic.
You cannot study or cast Charms magic.
You cannot study or cast Necromancy magic.
You cannot study or cast Poison magic.
You cannot study or cast Summoning magic.
You cannot study or cast Transmutations magic.
You have sharp toenails.
Your body is slowly deteriorating.
You are dopey. (Int -2)
You have an increased reservoir of magic (+10% MP).


Message History

Drink which item? (? for menu, Esc to quit)
Okay, then.
Unknown command.
Things that are here:
a dagger; a robe; a short sword The rat misses you.
Items here: %% ( ) [ a hand axe; 2 tomahawks; a chain mail; an adder skeleton; an orc skeleton You barely miss the rat.
Your kick misses the rat.
The hill giant hits you with a giant club!
* * * LOW HITPOINT WARNING * * *
The rat barely misses you.
You slash the rat!
You kill the rat!
You see here a hand axe.
You see here 5 tomahawks.
You see here a tomahawk.
There is an open door here.
The hill giant hits you with a giant club!!
You die...

..........# ..........#
........<.# #.######### #.# #>.
#.# #.) ###### #.#######..
################....###..........
)(.....(.......C@.............>%.
################....####.........
#....# #.......## #....#
#.......# #....# #.<..(..##
#....# #.......'. #....#
#.....?.## #....# ####.####
#....# #.#


You could see a hill giant.

Vanquished Creatures
  3 komodo dragons (D:8)
  The ghost of Herrn the Skirmisher, an experienced TeFi (D:5)
  6 yaks (D:9)
  A deep elf mage (D:10)
  A hippogriff (D:9)
  2 hungry ghosts (D:10)
  A steam dragon (D:8)
  A water moccasin (D:6)
  3 ice beasts
  A swamp drake (D:8)
  6 orc warriors
  A black bear (D:5)
  A phantom (D:8)
  2 sky beasts
  7 ogres
  4 crocodiles (D:8)
  4 centaurs
  Sigmund (D:2)
  A big kobold (D:9)
  2 giant frogs
  2 scorpions
  14 wights
  A hippogriff zombie (D:5)
  A troll skeleton (D:9)
  2 yak skeletons
  6 crimson imps
  A goliath beetle (D:6)
  A quasit (D:8)
  6 hounds
  6 jellies
  2 giant frog zombies
  A centaur skeleton (D:4)
  3 orc priests
  A black bear skeleton (D:5)
  12 orc wizards
  Natasha (twice) (D:6)
  2 iguanas
  6 worker ants
  A big kobold zombie (D:9)
  4 hound skeletons
  2 mummies (D:10)
  A worker ant zombie (D:8)
  3 gnolls (D:4)
  12 adders
  7 giant mites
  5 shadow imps
  3 worms
  2 gnoll skeletons
  An iguana skeleton (D:7)
  12 giant geckos
  5 oozes (D:8)
  43 orcs
  7 giant cockroaches
  14 goblins
  16 hobgoblins
  11 jackals
  6 quokkas
  6 ball pythons
  10 bats
  A giant gecko zombie (D:8)
  5 giant newts
  15 kobolds
  2 kobold skeletons
  2 kobold zombies (D:9)
  An orc skeleton (D:5)
  14 rats
  A rat skeleton (D:4)
330 creatures vanquished.

Vanquished Creatures (others)
  Natasha (D:6)
  A giant spore (D:9)
  A kobold (D:9)
3 creatures vanquished.

Grand Total: 333 creatures vanquished

Notes
Turn   | Place    | Note
--------------------------------------------------------------
     0 | D:1      | PolkaDot, the Vampire Gladiator, began the quest for the Orb.
     0 | D:1      | Reached XP level 1. HP: 16/16 MP: 1/1
    10 | D:1      | Reached XP level 2. HP: 22/22 MP: 2/2
   636 | D:1      | Reached XP level 3. HP: 27/27 MP: 3/3
  1013 | D:2      | Reached skill level 4 in Staves
  1013 | D:2      | Reached XP level 4. HP: 33/33 MP: 4/4
  1354 | D:2      | Found a glowing silver altar of Zin.
  1417 | D:2      | Noticed Sigmund
  1448 | D:2      | Killed Sigmund
  1448 | D:2      | Reached skill level 5 in Staves
  1448 | D:2      | Reached XP level 5. HP: 31/38 MP: 5/5
  2121 | D:3      | Found a sacrificial altar of Ru.
  2144 | D:3      | Became a worshipper of Ru the Awakened
  2329 | D:4      | Reached XP level 6. HP: 38/44 MP: 6/6
  2447 | D:4      | Reached skill level 6 in Staves
  2752 | D:4      | Found a shattered altar of Ashenzari.
  3271 | D:4      | Noticed an ogre
  3279 | D:4      | Killed an ogre
  3279 | D:4      | Reached XP level 7. HP: 49/49 MP: 7/7
  3450 | D:4      | Noticed an ogre
  3460 | D:4      | Killed an ogre
  3460 | D:4      | Reached skill level 7 in Staves
  3644 | D:5      | Entered Level 5 of the Dungeon
  3669 | D:5      | Gained mutation: You are hated by all. [Ru sacrifice]
  3669 | D:5      | Acquired Ru's first power
  3743 | D:5      | Noticed Herrn's ghost (experienced TeFi)
  3770 | D:5      | Killed Herrn's ghost
  3770 | D:5      | Reached skill level 8 in Staves
  3770 | D:5      | Reached XP level 8. HP: 35/55 MP: 8/8
  3880 | D:5      | Found a glowing golden altar of the Shining One.
  3988 | D:5      | Reached skill level 9 in Staves
  4032 | D:5      | Found a deep blue altar of Sif Muna.
  4087 | D:5      | Found a shadowy altar of Dithmenos.
  4464 | D:6      | Noticed Natasha
  4471 | D:6      | Killed Natasha
  4522 | D:6      | Reached skill level 10 in Staves
  4721 | D:6      | Noticed Natasha
  4727 | D:6      | Killed Natasha
  4752 | D:6      | Noticed Natasha
  4755 | D:6      | Killed Natasha
  4855 | D:6      | Reached XP level 9. HP: 44/61 MP: 9/9
  5365 | D:6      | Gained mutation: You cannot study or cast Charms magic. [Ru sacrifice]
  5365 | D:6      | Gained mutation: You cannot study or cast Transmutations magic. [Ru sacrifice]
  5365 | D:6      | Gained mutation: You cannot study or cast Air magic. [Ru sacrifice]
  5365 | D:6      | Acquired Ru's second power
  5400 | D:6      | Found a burning altar of Makhleb.
  5401 | D:6      | Found a radiant altar of Vehumet.
  5981 | D:7      | Found a staircase to the Ecumenical Temple.
  6019 | Temple   | Entered the Ecumenical Temple
  6300 | D:7      | Found Usmemop's Food Boutique.
  6324 | D:7      | Reached skill level 11 in Staves
  7091 | D:8      | Gained mutation: You are partially covered in rugged brown scales (AC +1, +3% HP). [potion of mutation]
  7091 | D:8      | Gained mutation: You have sharp toenails. [potion of mutation]
  7091 | D:8      | Gained mutation: You have an increased reservoir of magic (+10% MP). [potion of mutation]
  7356 | D:8      | Reached skill level 12 in Staves
  7365 | D:8      | Gained mutation: You cannot be stealthy. [Ru sacrifice]
  7365 | D:8      | Acquired Ru's third power
  7372 | D:8      | Reached XP level 10. HP: 34/69 MP: 11/11
  7907 | D:8      | Noticed a komodo dragon
  7954 | D:8      | Killed a komodo dragon
  8130 | D:8      | Noticed a komodo dragon
  8159 | D:8      | Killed a komodo dragon
  8196 | D:8      | Noticed a komodo dragon
  8229 | D:8      | Killed a komodo dragon
  8328 | D:8      | Found a staircase to the Lair.
  8594 | D:8      | Reached skill level 13 in Staves
  8852 | D:9      | Found a staircase to the Orcish Mines.
  8853 | D:9      | Found Oqytaeh's Antique Armour Boutique.
  8863 | D:9      | Bought a bloodstained leather armour for 196 gold pieces
  8874 | D:9      | Identified the cursed +2 leather armour "Prenanoj" {Int-2 Stlth--} (You bought it in a shop on level 9 of the Dungeon)
  8934 | D:9      | Lost mutation: You are partially covered in rugged brown scales (AC +1, +3% HP). [potion of mutation]
  8934 | D:9      | Gained mutation: Your body is slowly deteriorating. [potion of mutation]
  8934 | D:9      | Gained mutation: You are dopey. (Int -2) [potion of mutation]
  9310 | D:9      | Gained mutation: You cannot study or cast Summoning magic. [Ru sacrifice]
  9310 | D:9      | Gained mutation: You cannot study or cast Necromancy magic. [Ru sacrifice]
  9310 | D:9      | Gained mutation: You cannot study or cast Poison magic. [Ru sacrifice]
  9661 | D:10     | Entered Level 10 of the Dungeon
  9795 | D:10     | Reached XP level 11. HP: 26/72 MP: 12/12
  9957 | D:10     | Noticed a hill giant
  9957 | D:10     | Reached skill level 14 in Staves
  9994 | D:10     | Mangled by a hill giant

Action                   |  1- 3 |  4- 6 |  7- 9 | 10-12 || total
-------------------------+-------+-------+-------+-------++-------
Melee: Quarterstaff      |   113 |   263 |   512 |     5 ||   893
       Lajatang          |       |       |       |   306 ||   306
Throw: Throwing net      |       |     1 |     3 |       ||     4
Invok: Sacrifice Love    |       |       |     1 |       ||     1
       Sacrifice Arcana  |       |       |     1 |     1 ||     2
       Sacrifice Stealth |       |       |     1 |       ||     1
 Abil: Bottle Blood      |       |     4 |    41 |    27 ||    72
Evoke: Wand              |       |     2 |     6 |     6 ||    14
  Use: Potion            |     1 |     2 |    37 |    21 ||    61
       Scroll            |       |       |    16 |     5 ||    21
 Stab: Sleeping          |       |     1 |     1 |       ||     2
       Held in net/web   |       |       |     1 |       ||     1
       Confused          |       |       |     1 |     3 ||     4
       Invisible         |       |       |       |     3 ||     3
       Distracted        |       |       |       |     1 ||     1
  Eat: Corpse            |    11 |    15 |       |       ||    26
